 Dungeon Crawl Stone Soup version 0.28-a0-802-g09f76e8c00 (webtiles) character file.

Game seed: 13935558827783401763

825 ders the Digger (level 7, -18/37 HPs)
             Began as a Gargoyle Earth Elementalist on Nov 7, 2021.
             Demolished by an orc warrior (22 damage)
             ... on level 5 of the Dungeon.
             The game lasted 00:11:45 (5114 turns).

ders the Digger (Gargoyle Earth Elementalist)       Turns: 5114, Time: 00:11:45

Health: -18/37     AC:  6    Str: 12    XL:     7   Next: 96%
Magic:  9/14       EV: 11    Int: 17    God:
Gold:   190        SH:  0    Dex: 10    Spells: 9/16 levels left

rFire   . . .      SeeInvis .   m - +1 dagger (drain)
rCold   . . .      Faith    .   (no shield)
rNeg    + . .      Spirit   .   b - +0 robe
rPois   ∞          Reflect  .   (no helmet)
rElec   +          Harm     .   (no cloak)
rCorr   .          Rampage  .   (no gloves)
Will    .....                   (no boots)
Stlth   ++........              (no amulet)
HPRegen 0.12/turn               (no ring)
MPRegen 0.14/turn               (no ring)

@: no status effects
A: sickness immunity, AC +4, negative energy resistance 1, electricity
resistance, torment resistance 1, petrification resistance
a: no special abilities


You were on level 5 of the Dungeon.
You visited 1 branch of the dungeon, and saw 5 of its levels.

You collected 190 gold pieces.

Inventory:

Hand Weapons
 m - a +1 dagger of draining (weapon)
Missiles
 a - a throwing net
 c - 50 stones
Armour
 b - a +0 robe (worn)
Jewellery
 g - a +6 ring of strength
 i - a ring of willpower
 v - a ring of magical power
Wands
 h - a wand of polymorph (5)
 j - a wand of mindburst (32)
 n - a wand of iceblast (4)
 q - a wand of flame (17)
Scrolls
 d - a scroll of torment {unknown}
 e - 2 scrolls of immolation {unknown}
 f - a scroll of blinking {unknown}
 r - a scroll of enchant armour {unknown}
 t - a scroll of enchant weapon {unknown}
 u - a scroll of identify
Potions
 k - a potion of curing {unknown}
 l - a potion of mutation {unknown}
 o - a potion of heal wounds
 p - a potion of degeneration {unknown}
 s - a potion of brilliance {unknown}


   Skills:
 + Level 0.9 Fighting
 - Level 1.5 Dodging
 - Level 2.1 Stealth
 + Level 0.2 Unarmed Combat
 + Level 5.1 Spellcasting
 * Level 4.3 Conjurations
 + Level 0.7 Transmutations
 + Level 7.2 Earth Magic
 + Level 0.3 Evocations


You had 9 spell levels left.
You knew the following spells:

 Your Spells              Type           Power      Damage    Failure   Level
a - Sandblast             Erth           56%        2d13      1%          1
b - Stone Arrow           Conj/Erth      46%        3d9       4%          3
c - Slow                  Hex            16%        N/A       14%         1
d - Blink                 Tloc           8%         N/A       22%         2

Your spell library contained the following spells:

 Spells                   Type           Power      Damage    Failure   Level
 Passwall                 Tmut/Erth      14%        N/A       4%          2
 Petrify                  Tmut/Erth      17%        N/A       26%         4
 Confusing Touch          Hex            4%         N/A       38%         3
 Lesser Beckoning         Tloc           4%         N/A       38%         3
 Yara's Violent Unravell  Hex/Tmut       2%         3d3       97%         5
 Manifold Assault         Tloc           4%         N/A       98%         5


Dungeon Overview and Level Annotations

Branches:
Dungeon (5/15)
 Temple: D:4-7

Altars:
Kikubaaqudgha
Qazlal


Innate Abilities, Weirdness & Mutations

You are immune to sickness and miasma.
Your stone body is resilient. (AC +4)
You are immune to poison.
You resist negative energy. (rN+)
You are resistant to electric shocks. (rElec)
You are resistant to unholy torment.
You are immune to petrification.


Message History

Casting: Sandblast (safe; 1% risk of failure)
Confirm with . or Enter, or press ? or * to list all spells.
Aiming: Sandblast (safe; 1% risk of failure)
Press: ? - help, Shift-Dir - straight line, f - orc warrior
Aim: an orc warrior, wielding a +0 halberd and wearing a +0 plate armour (81% to hit)
The blast of sand hits the orc warrior but does no damage.
The orc warrior closely misses you.
Unknown command.
Casting: Sandblast (safe; 1% risk of failure)
Confirm with . or Enter, or press ? or * to list all spells.
Aiming: Sandblast (safe; 1% risk of failure)
Press: ? - help, Shift-Dir - straight line, f/p - orc warrior
Aim: an orc warrior, wielding a +0 halberd and wearing a +0 plate armour (81% to hit)
The blast of sand hits the orc warrior but does no damage.
You hear some strange, mumbled words.
A magic dart appears from out of thin air!
The magic dart hits you!
The orc warrior hits you from afar with a +0 halberd!
Unknown command.
Casting: Sandblast (safe; 1% risk of failure)
Confirm with . or Enter, or press ? or * to list all spells.
Aiming: Sandblast (safe; 1% risk of failure)
Press: ? - help, Shift-Dir - straight line, f/p - orc warrior
Aim: an orc warrior, wielding a +0 halberd and wearing a +0 plate armour (81% to hit)
The blast of sand hits something.
Reactivating autopickup.
You feel a bit more experienced.
The orc warrior hits you from afar with a +0 halberd!!
Ouch! That really hurt!
* * * LOW HITPOINT WARNING * * *
Unknown command.
Casting: Sandblast (safe; 1% risk of failure)
Confirm with . or Enter, or press ? or * to list all spells.
Aiming: Sandblast (safe; 1% risk of failure)
Press: ? - help, Shift-Dir - straight line, f/p - orc warrior
Aim: an orc warrior, wielding a +0 halberd and wearing a +0 plate armour (81% to hit)
The blast of sand hits the orc warrior but does no damage.
The orc warrior hits you from afar with a +0 halberd!!
Ouch! That really hurt!
You die...

#..........+,,,,,,+
#..........#,,,,,,#
#..........#######*
#..........#.....#
#..........#.....##
##>........'.....'.
#.#########.....##
#.# *****#)....#
#@# *^,,,+.....#
*#)#***,***#.....#
#.oo....# #.....#
#.......# #.....##
#.......######+####
#..................
##+###########.#.##
**,,,,,,.......<..#
*,,,,,,,...#####..#


You could see an orc warrior and an orc.

Vanquished Creatures
  Grinder (D:4)
  The ghost of ders the Firebug, an amateur GrFE (D:3)
  A black bear (D:4)
  A phantom (D:4)
  Blork the orc (D:4)
  A jelly (D:4)
  2 orc priests
  An iguana (D:3)
  An orc wizard (D:5)
  Robin (D:3)
  6 adders
  2 adder skeletons (D:4)
  A worm (D:2)
  3 dart slugs
  4 orcs
  3 ball pythons
  6 endoplasms
  5 giant cockroaches
  12 goblins
  7 hobgoblins
  4 jackals
  5 kobolds
  A quokka (D:3)
  2 bats
  3 frilled lizards
  A quokka skeleton (D:3)
  3 rats (D:1)
79 creatures vanquished.

Vanquished Creatures (others)
  A plant (D:5)
1 creature vanquished.

Grand Total: 80 creatures vanquished

Notes
Turn   | Place    | Note
-------+----------+-------------------------------------------
     0 | D:1      | ders the Gargoyle Earth Elementalist began the quest for
                  | the Orb.
     0 | D:1      | Reached XP level 1. HP: 10/10 MP: 3/3
   108 | D:1      | Reached skill level 4 in Earth Magic
   400 | D:1      | Reached XP level 2. HP: 16/16 MP: 0/5
   781 | D:2      | Found an ancient bone altar of Kikubaaqudgha.
  1036 | D:2      | Reached XP level 3. HP: 20/20 MP: 3/6
  1224 | D:2      | Learned a level 3 spell: Stone Arrow
  1226 | D:2      | Learned a level 1 spell: Slow
  2127 | D:3      | Noticed a phantom
  2351 | D:3      | Found a runed translucent gate.
  2352 | D:3      | Found a runed translucent gate.
  2353 | D:3      | Noticed ders's ghost (amateur GrFE)
  2354 | D:3      | Found a runed translucent gate.
  2664 | D:2      | Reached skill level 1 in Conjurations
  2664 | D:2      | Reached XP level 4. HP: 20/24 MP: 3/8
  2737 | D:3      | Reached skill level 5 in Earth Magic
  2788 | D:3      | Killed ders's ghost
  2789 | D:3      | Reached XP level 5. HP: 26/28 MP: 0/10
  3153 | D:3      | Reached XP level 6. HP: 33/33 MP: 9/11
  3170 | D:3      | Found a faded altar of an unknown god.
  3411 | D:4      | Noticed Robin
  3731 | D:3      | Killed Robin
  3812 | D:4      | Learned a level 2 spell: Blink
  3881 | D:4      | Noticed Blork the orc
  3884 | D:4      | Reached skill level 6 in Earth Magic
  3901 | D:4      | Killed Blork the orc
  4102 | D:4      | Found a stormy altar of Qazlal.
  4336 | D:4      | Reached XP level 7. HP: 37/37 MP: 10/13
  4449 | D:4      | Noticed Grinder
  4454 | D:4      | Paralysed by Grinder for 3 turns
  4458 | D:4      | Killed Grinder
  4459 | D:4      | Reached skill level 7 in Earth Magic
  4847 | D:5      | Entered Level 5 of the Dungeon
  4877 | D:5      | Reached skill level 5 in Spellcasting
  5114 | D:5      | Demolished by an orc warrior

Illustrated notes

Levels and vault maps discovered:
D:1:      lemuel_arrival_broad_hall, layout_basic, grunt_decor_junction
D:2:      layout_basic, basic_altar
D:3:      layout_basic, gammafunk_ghost_split,
          hellmonk_ecumenical_altar_lost_god, grunt_ministairs_9
D:4:      layout_gridville, grunt_qazlal_sundering, st_stairs_11,
          uniq_blork_the_orc, uniq_grinder, uniq_robin
D:5:      corexii_shantytown, layout_basic

Skill      XL: |  1  2  3  4  5  6  7 |
---------------+----------------------+-----
Earth Magic    | 4 5 6 7 |  7.2
Conjurations   | 1 2 3 4 |  4.3
Spellcasting   | 3 4 5 |  5.1
Fighting       | |  0.9
Dodging        | |  1.5
Stealth        | |  2.1
Unarmed Combat | |  0.2
Transmutations | |  0.7
Evocations     | |  0.3

Action                   |  1- 3 |  4- 6 |  7- 9 || total
-------------------------+-------+-------+-------++-------
Melee: Unarmed           |    25 |     1 |       ||    26
 Cast: Sandblast         |    59 |    55 |    35 ||   149
       Slow              |     2 |       |       ||     2
       Stone Arrow       |       |     7 |       ||     7
Evoke: Wand              |       |     3 |       ||     3
  Use: Scroll            |     3 |       |     1 ||     4
       Potion            |     1 |       |       ||     1
Armor: Robe              |    28 |    28 |     4 ||    60
Dodge: Dodged            |    48 |    49 |     8 ||   105

Table legend: (Time is in decaauts)
 A = Elapsed time spent in this place.
 B = Non-inter-level travel time spent in this place.
 C = Inter-level travel time spent in this place.
 D = Time resting spent in this place.
 E = Time spent auto-exploring this place.
 F = Levels seen in this place.
 G = Mean time per level.
                   A        B        C        D        E       F      G
               +--------+--------+--------+--------+--------+-----+--------+
         Total |   5120 |   4910 |    210 |   2121 |   2078 |   5 | 1024.0 |
       Dungeon |   5120 |   4910 |    210 |   2121 |   2078 |   5 | 1024.0 |
               +--------+--------+--------+--------+--------+-----+--------+

Top non-repeatable levels by time:
     D:2: 1557 daAuts
     D:3: 1419 daAuts
     D:4: 1097 daAuts
     D:1: 779 daAuts
     D:5: 266 daAuts
